General information
- name: BNet
- type: Ladder team game (AT/RT)
- host: Battle.net
- saver: frodo-teabaggin
map: Cherryville
- players: 8
- length: 36:56
- speed: Fast
- version: 1.27 W3XP
- replay type: Public
» download(186 KB)
Players
team 1 (winner)
hasa12345 (
orange | 47 APM | 1213 actions | 25:49)
5 Paladin
2 Holy Light
3 Devotion Aura
4 Archmage
2 Summon Water Elemental
2 Brilliance Aura
1 Priestess of the Moon
1 Starfall
» actions
| Assign group hotkey | 39 | |
| Basic commands | 211 | |
| Build / train | 69 | |
| Enter build submenu | 17 | |
| Enter hero's abilities submenu | 11 | |
| Right click | 178 | |
| Select / deselect | 316 | |
| Select group hotkey | 303 | |
| Use ability | 68 | |
1213 total
» units
| Peasant | 23 | |
| Footman | 6 | |
| Gryphon Rider | 8 | |
| Knight | 10 | |
47 total
» upgrades
| Lumber Harvesting | 1 | |
| Swords | 3 | |
| Armor | 2 | |
| Animal War Training | 1 | |
| Storm Hammers | 1 | |
8 total
» buildings
| Farm | 17 | |
| Barracks | 2 | |
| Altar of Kings | 1 | |
| Keep | 1 | |
| Town Hall | 1 | |
| Lumber Mill | 1 | |
| Blacksmith | 1 | |
| Arcane Vault | 1 | |
| Castle | 1 | |
| Gryphon Aviary | 2 | |
28 total
» build order
00:20 Farm
00:21 Farm
00:36 Barracks
00:51 Altar of Kings
01:32 Farm
01:33 Farm
01:36 Farm
01:37 Farm
02:26 Farm
02:27 Farm
02:28 Farm
02:28 Farm
02:29 Farm
02:31 Farm
04:06 Keep
04:28 Town Hall
04:54 Lumber Mill
05:16 Blacksmith
06:04 Arcane Vault
06:32 Castle
06:35 Gryphon Aviary
06:39 Gryphon Aviary
07:52 Barracks
09:40 Farm
09:41 Farm
09:43 Farm
09:44 Farm
13:35 Farm
frodo-teabaggin (
yellow | 82 APM | 3017 actions | 36:56)
7 Warden
3 Fan of Knives
2 Blink
2 Shadow Strike
» actions
| Assign group hotkey | 121 | |
| Basic commands | 192 | |
| Build / train | 111 | |
| ESC pressed | 7 | |
| Enter build submenu | 46 | |
| Enter hero's abilities submenu | 10 | |
| Give item / drop item | 14 | |
| Remove unit from queue | 2 | |
| Right click | 995 | |
| Select / deselect | 407 | |
| Select group hotkey | 903 | |
| Use ability | 209 | |
3017 total
» units
| Wisp | 44 | |
| Archer | 6 | |
| Huntress | 4 | |
| Dryad | 1 | |
| Goblin Shredder | 2 | |
| Hippogryph | 5 | |
| Mountain Giant | 1 | |
| Chimaera | 5 | |
68 total
» upgrades
| Well Spring | 2 | |
| Nature's Blessing | 1 | |
| Strength of the Wild | 3 | |
| Abolish Magic | 1 | |
| Reinforced Hides | 3 | |
| Hardened Skin | 1 | |
| Corrosive Breath | 1 | |
| Resistant Skin | 1 | |
| Ultravision | 1 | |
14 total
» buildings
| Moon Well | 14 | |
| Altar of Elders | 1 | |
| Ancient of War | 1 | |
| Hunter's Hall | 1 | |
| Tree of Life | 3 | |
| Tree of Ages | 3 | |
| Ancient Protector | 16 | |
| Tree of Eternity | 1 | |
| Ancient of Wonders | 1 | |
| Ancient of Lore | 2 | |
| Ancient of Wind | 3 | |
| Chimaera Roost | 3 | |
49 total
» build order
00:16 Moon Well
00:18 Altar of Elders
00:49 Ancient of War
01:37 Moon Well
02:04 Moon Well
03:05 Moon Well
03:35 Hunter's Hall
04:26 Tree of Life
04:51 Tree of Ages
04:51 Tree of Ages
05:56 Ancient Protector
07:15 Tree of Eternity
07:44 Ancient of Wonders
07:48 Ancient of Lore
07:51 Ancient of Lore
08:59 Ancient Protector
09:01 Ancient Protector
10:17 Moon Well
11:13 Ancient Protector
11:20 Moon Well
11:21 Moon Well
11:22 Moon Well
11:23 Moon Well
12:24 Ancient Protector
12:27 Moon Well
12:27 Moon Well
12:29 Moon Well
12:35 Ancient Protector
12:36 Ancient Protector
12:39 Ancient Protector
13:41 Moon Well
13:43 Moon Well
15:33 Ancient of Wind
15:43 Ancient Protector
15:44 Ancient Protector
16:01 Tree of Life
16:04 Ancient Protector
16:05 Ancient Protector
16:18 Ancient of Wind
16:21 Ancient of Wind
16:29 Tree of Life
18:03 Ancient Protector
18:05 Ancient Protector
18:06 Ancient Protector
19:00 Ancient Protector
19:14 Chimaera Roost
19:16 Chimaera Roost
19:18 Chimaera Roost
» items
| Healing Salve | 1 | |
| Lesser Clarity Potion | 1 | |
| Orb of Lightning | 1 | |
| Orb of Venom | 1 | |
| Scroll of Town Portal | 1 | |
| Staff of Teleportation | 1 | |
6 total

»
NightThriller (
teal | 30 APM | 496 actions | 16:43)
4 Priestess of the Moon
3 Trueshot Aura
1 Searing Arrows
» actions
| Assign group hotkey | 6 | |
| Build / train | 58 | |
| Enter build submenu | 12 | |
| Enter hero's abilities submenu | 3 | |
| Remove unit from queue | 1 | |
| Right click | 240 | |
| Select / deselect | 139 | |
| Select group hotkey | 9 | |
| Use ability | 28 | |
496 total
» units
| Wisp | 12 | |
| Archer | 15 | |
| Hippogryph | 13 | |
40 total
» upgrades
| Improved Bows | 1 | |
| Hippogryph Taming | 1 | |
| Marksmanship | 1 | |
| Strength of the Wild | 0 | |
| Strength of the Moon | 3 | |
| Moon Armor | 1 | |
7 total
» buildings
| Moon Well | 12 | |
| Altar of Elders | 1 | |
| Ancient of War | 1 | |
| Tree of Ages | 1 | |
| Ancient of Wonders | 1 | |
| Tree of Eternity | 1 | |
| Ancient of Wind | 2 | |
| Hunter's Hall | 1 | |
20 total
» build order
00:45 Moon Well
01:12 Altar of Elders
01:56 Moon Well
02:30 Ancient of War
03:00 Tree of Ages
03:10 Ancient of Wonders
05:21 Tree of Eternity
05:40 Ancient of Wind
05:51 Ancient of Wind
06:04 Moon Well
06:05 Moon Well
06:07 Moon Well
06:09 Moon Well
08:24 Hunter's Hall
11:33 Moon Well
11:34 Moon Well
11:36 Moon Well
11:39 Moon Well
13:35 Moon Well
13:37 Moon Well
» items
| Scroll of Town Portal | 1 | |
| Orb of Venom | 1 | |
2 total

»
MiniZ (
green | 38 APM | 1392 actions | 36:56)
5 Blademaster
2 Wind Walk
2 Critical Strike
1 Mirror Image
4 Shadow Hunter
1 Hex
2 Healing Wave
1 Serpent Ward
4 Tauren Chieftain
2 Endurance Aura
1 War Stomp
1 Shockwave
2 Keeper of the Grove
1 Force of Nature
1 Entangling Roots
» actions
| Basic commands | 6 | |
| Build / train | 109 | |
| Enter build submenu | 45 | |
| Enter hero's abilities submenu | 15 | |
| Give item / drop item | 3 | |
| Remove unit from queue | 8 | |
| Right click | 697 | |
| Select / deselect | 390 | |
| Use ability | 119 | |
1392 total
» units
| Peon | 21 | |
| Grunt | 3 | |
| Troll Witch Doctor | 4 | |
| Raider | 8 | |
| Tauren | 4 | |
| Shaman | 2 | |
| Hippogryph | 10 | |
| Archer | 6 | |
58 total
» upgrades
| Spiked Barricades | 1 | |
| Witch Doctor Training | 2 | |
| Ensnare | 1 | |
| Reinforced Defenses | 1 | |
| Shaman Training | 2 | |
| Melee Weapons | 2 | |
| Armor | 2 | |
| Pulverize | 1 | |
12 total
» buildings
| Orc Burrow | 10 | |
| Altar of Storms | 2 | |
| Barracks | 1 | |
| Voodoo Lounge | 1 | |
| Stronghold | 1 | |
| War Mill | 1 | |
| Great Hall | 4 | |
| Watch Tower | 24 | |
| Fortress | 1 | |
| Spirit Lodge | 1 | |
| Beastiary | 1 | |
| Tauren Totem | 2 | |
49 total
» build order
00:23 Orc Burrow
00:38 Altar of Storms
01:10 Barracks
01:24 Orc Burrow
01:50 Voodoo Lounge
03:36 Stronghold
04:17 War Mill
05:06 Great Hall
05:21 Orc Burrow
05:36 Watch Tower
05:39 Watch Tower
06:12 Fortress
06:43 Watch Tower
07:03 Spirit Lodge
07:38 Orc Burrow
07:46 Watch Tower
09:24 Watch Tower
09:25 Watch Tower
09:26 Watch Tower
09:27 Watch Tower
09:28 Watch Tower
09:59 Beastiary
11:06 Watch Tower
11:07 Watch Tower
11:15 Watch Tower
11:16 Watch Tower
11:38 Orc Burrow
13:38 Watch Tower
13:38 Watch Tower
14:55 Watch Tower
14:59 Watch Tower
15:11 Tauren Totem
15:40 Watch Tower
15:44 Watch Tower
17:57 Orc Burrow
17:59 Orc Burrow
18:57 Watch Tower
19:01 Watch Tower
19:04 Watch Tower
19:05 Watch Tower
19:20 Tauren Totem
19:29 Orc Burrow
19:32 Stronghold
19:57 Great Hall
20:44 Great Hall
22:43 Great Hall
23:46 Orc Burrow
24:08 Orc Burrow
24:59 Altar of Storms
28:39 Watch Tower
» items
| Healing Salve | 4 | |
| Lesser Clarity Potion | 1 | |
| Scroll of Speed | 1 | |
| Boots of Speed | 2 | |
| Potion of Lesser Invulnerability | 2 | |
| Orb of Lightning | 2 | |
| Potion of Healing | 2 | |
14 total
team 2 (loser)

»
Joowanax (
purple | 50 APM | 908 actions | 18:03)
4 Keeper of the Grove
2 Entangling Roots
2 Thorns Aura
2 Priestess of the Moon
1 Trueshot Aura
1 Searing Arrows
» actions
| Assign group hotkey | 12 | |
| Basic commands | 43 | |
| Build / train | 75 | |
| Enter build submenu | 27 | |
| Enter hero's abilities submenu | 6 | |
| Give item / drop item | 4 | |
| Right click | 126 | |
| Select / deselect | 295 | |
| Select group hotkey | 259 | |
| Use ability | 61 | |
908 total
» units
| Wisp | 28 | |
| Archer | 9 | |
| Goblin Shredder | 2 | |
| Hippogryph | 7 | |
46 total
» upgrades
| Strength of the Moon | 2 | |
| Moon Armor | 2 | |
| Ultravision | 1 | |
| Improved Bows | 1 | |
| Backpack | 1 | |
| Hippogryph Taming | 1 | |
| Nature's Blessing | 1 | |
9 total
» buildings
| Altar of Elders | 1 | |
| Moon Well | 8 | |
| Ancient of War | 2 | |
| Ancient of Wonders | 3 | |
| Hunter's Hall | 1 | |
| Tree of Ages | 1 | |
| Tree of Life | 1 | |
| Ancient Protector | 6 | |
| Ancient of Wind | 2 | |
| Tree of Eternity | 1 | |
26 total
» build order
01:06 Altar of Elders
01:07 Moon Well
01:09 Ancient of War
01:28 Moon Well
01:34 Moon Well
01:35 Moon Well
01:51 Ancient of Wonders
02:44 Moon Well
03:08 Ancient of War
04:01 Hunter's Hall
04:54 Tree of Ages
06:36 Tree of Life
06:38 Ancient Protector
06:39 Ancient Protector
06:39 Ancient Protector
06:57 Moon Well
07:04 Ancient Protector
07:09 Ancient of Wonders
08:34 Ancient of Wonders
09:06 Ancient of Wind
09:08 Ancient of Wind
12:21 Moon Well
12:45 Moon Well
13:58 Ancient Protector
14:03 Ancient Protector
15:11 Tree of Eternity
» items
| Circlet of Nobility | 3 | |
| Moonstone | 2 | |
| Scroll of Protection | 2 | |
| Scroll of Town Portal | 2 | |
| Potion of Lesser Invulnerability | 1 | |
10 total
mishima[FIF] (
blue | 51 APM | 1890 actions | 36:56)
10 Blademaster
3 Wind Walk
3 Critical Strike
1 Bladestorm
3 Mirror Image
» actions
| Assign group hotkey | 46 | |
| Basic commands | 16 | |
| Build / train | 80 | |
| Enter build submenu | 55 | |
| Enter hero's abilities submenu | 10 | |
| Give item / drop item | 2 | |
| Remove unit from queue | 1 | |
| Right click | 822 | |
| Select / deselect | 364 | |
| Select group hotkey | 283 | |
| Use ability | 211 | |
1890 total
» units
| Peon | 16 | |
| Grunt | 8 | |
| Goblin Shredder | 2 | |
| Troll Batrider | 7 | |
| Troll Witch Doctor | 3 | |
| Goblin Sapper | 3 | |
39 total
» upgrades
| Troll Regeneration | 1 | |
| Reinforced Defenses | 1 | |
| Ranged Weapons | 3 | |
| Liquid Fire | 1 | |
| Armor | 3 | |
| Witch Doctor Training | 2 | |
| Pillage | 1 | |
| Spiked Barricades | 1 | |
13 total
» buildings
| Orc Burrow | 4 | |
| Altar of Storms | 1 | |
| Barracks | 1 | |
| Voodoo Lounge | 3 | |
| Stronghold | 2 | |
| War Mill | 2 | |
| Great Hall | 4 | |
| Watch Tower | 41 | |
| Fortress | 1 | |
| Beastiary | 4 | |
| Spirit Lodge | 1 | |
64 total
» build order
00:10 Orc Burrow
00:51 Altar of Storms
00:52 Barracks
01:07 Orc Burrow
01:55 Voodoo Lounge
02:06 Voodoo Lounge
02:51 Stronghold
03:58 Orc Burrow
04:15 War Mill
05:03 Great Hall
06:02 Watch Tower
06:03 Watch Tower
06:03 Watch Tower
06:10 Orc Burrow
06:44 Watch Tower
06:56 Watch Tower
07:00 Watch Tower
07:04 Watch Tower
07:27 Watch Tower
07:27 Watch Tower
07:30 Watch Tower
07:34 Watch Tower
08:30 Fortress
08:53 Watch Tower
08:54 Watch Tower
08:54 Watch Tower
09:47 Beastiary
09:51 Beastiary
09:55 Beastiary
09:59 Beastiary
10:11 Spirit Lodge
13:16 War Mill
22:43 Watch Tower
22:43 Watch Tower
22:44 Watch Tower
22:44 Watch Tower
22:44 Watch Tower
22:48 Watch Tower
22:48 Watch Tower
22:49 Watch Tower
22:49 Watch Tower
22:50 Watch Tower
22:50 Watch Tower
22:55 Watch Tower
22:55 Watch Tower
22:56 Watch Tower
22:56 Watch Tower
22:56 Watch Tower
22:58 Watch Tower
22:59 Watch Tower
23:00 Watch Tower
23:00 Watch Tower
23:05 Watch Tower
26:16 Watch Tower
26:16 Watch Tower
26:17 Voodoo Lounge
26:18 Watch Tower
26:18 Watch Tower
26:19 Watch Tower
26:19 Watch Tower
31:40 Great Hall
31:43 Great Hall
33:49 Great Hall
36:49 Stronghold
36:51 Stronghold
» items
| Healing Salve | 6 | |
| Scroll of Town Portal | 2 | |
| Lesser Clarity Potion | 2 | |
| Orb of Lightning | 1 | |
| Potion of Healing | 2 | |
13 total
Brecko-Kritez (
pink | 42 APM | 743 actions | 17:53)
3 Crypt Lord
1 Carrion Beetles
1 Spiked Carapace
1 Impale
» actions
| Basic commands | 13 | |
| Build / train | 72 | |
| Enter build submenu | 15 | |
| Enter hero's abilities submenu | 4 | |
| Right click | 451 | |
| Select / deselect | 161 | |
| Use ability | 27 | |
743 total
» units
| Acolyte | 13 | |
| Ghoul | 15 | |
| Crypt Fiend | 23 | |
51 total
» upgrades
| Web | 1 | |
| Creature Attack | 3 | |
| Creature Carapace | 3 | |
| Burrow | 1 | |
8 total
» buildings
| Altar of Darkness | 1 | |
| Crypt | 2 | |
| Ziggurat | 9 | |
| Graveyard | 1 | |
| Halls of the Dead | 1 | |
| Nerubian Tower | 6 | |
| Black Citadel | 1 | |
| Spirit Tower | 1 | |
22 total
» build order
00:08 Altar of Darkness
00:11 Crypt
00:14 Ziggurat
01:07 Graveyard
01:59 Ziggurat
03:34 Ziggurat
05:37 Halls of the Dead
05:57 Ziggurat
07:12 Crypt
07:17 Ziggurat
08:54 Ziggurat
08:58 Nerubian Tower
09:14 Black Citadel
09:26 Nerubian Tower
09:29 Nerubian Tower
10:33 Nerubian Tower
11:38 Nerubian Tower
11:40 Nerubian Tower
11:45 Ziggurat
11:51 Ziggurat
13:22 Spirit Tower
13:57 Ziggurat
airmitchell (
red | 22 APM | 512 actions | 22:56)
3 Warden
1 Fan of Knives
1 Shadow Strike
1 Blink
» actions
| Build / train | 68 | |
| Enter build submenu | 25 | |
| Enter hero's abilities submenu | 4 | |
| Remove unit from queue | 3 | |
| Right click | 199 | |
| Select / deselect | 180 | |
| Use ability | 33 | |
512 total
» units
» upgrades
| Strength of the Wild | 3 | |
| Reinforced Hides | 3 | |
| Corrosive Breath | 1 | |
7 total
» buildings
| Altar of Elders | 1 | |
| Moon Well | 10 | |
| Ancient of War | 1 | |
| Tree of Life | 1 | |
| Hunter's Hall | 1 | |
| Tree of Ages | 1 | |
| Ancient of Wonders | 2 | |
| Ancient of Wind | 1 | |
| Tree of Eternity | 1 | |
| Chimaera Roost | 3 | |
22 total
» build order
00:34 Altar of Elders
00:40 Moon Well
00:48 Ancient of War
01:36 Moon Well
01:46 Moon Well
02:35 Moon Well
04:36 Tree of Life
04:49 Moon Well
05:01 Hunter's Hall
05:32 Tree of Ages
05:53 Moon Well
06:37 Ancient of Wonders
08:02 Ancient of Wind
08:04 Tree of Eternity
10:27 Chimaera Roost
10:36 Chimaera Roost
11:16 Chimaera Roost
13:58 Moon Well
15:52 Moon Well
15:55 Moon Well
15:58 Moon Well
16:11 Ancient of Wonders
Chat log
(00:10 / Allies) hasa12345: green
(00:14 / Allies) MiniZ: ?
(00:17 / Allies) hasa12345: units
(00:27 / Allies) MiniZ: caster
(00:28 / Allies) MiniZ: beast
(01:11 / Allies) hasa12345: what the ne doing
(01:18 / Allies) frodo-teabaggin: yeaaaaa
(01:32 / Allies) frodo-teabaggin: doing weed man
(01:38 / Allies) NightThriller: archers, pry hippos
(01:48 / Allies) NightThriller: weed man you're doing bears
(01:58 / Allies) frodo-teabaggin: I play ne cuz I like trees
(02:07 / Allies) NightThriller: and bears
(02:07 / Allies) hasa12345: ill knight gryph
(02:11 / Allies) NightThriller: don't forget that
(06:51 / Allies) NightThriller: yellow wood
(07:03 / Allies) NightThriller: thx
(10:04 / Allies) hasa12345: lumber me
(10:22 / Allies) hasa12345: ty
(14:08 / Allies) hasa12345: green
(14:12 / Allies) hasa12345: where those casters
(14:59 / All) mishima[FIF]: wow
(15:03 / All) mishima[FIF]: I flubbed that up LOL
(15:32 / All) mishima[FIF]: I can't believe I just made those decisions that I did
(15:45 / All) hasa12345: losing decidiosn
(15:49 / All) mishima[FIF]: nah
(15:51 / All) mishima[FIF]: def not
(16:04 / Allies) hasa12345: guys lets hi
(16:11 / Allies) NightThriller: we did
(16:14 / Allies) NightThriller: where
(16:43 / Allies) frodo-teabaggin: u gonna lg on us?
(16:51 / Allies) frodo-teabaggin: im no take him so high on weed lmao
(18:08 / All) mishima[FIF]: lol....
(18:13 / All) frodo-teabaggin: wowwwwww
(18:16 / All) frodo-teabaggin: u seriouss
(18:19 / All) hasa12345: i told you us suck
(20:14 / All) hasa12345: blue you having fun
(20:19 / All) mishima[FIF]: yes
(20:50 / All) mishima[FIF]: whoops
(22:25 / Allies) hasa12345: leave blue for last
(22:34 / Allies) frodo-teabaggin: yeah
(23:01 / All) frodo-teabaggin: lol
(23:04 / All) frodo-teabaggin: chimbot ended just like that
(23:11 / Allies) hasa12345: gold please
(23:13 / Allies) hasa12345: for my hero
(24:54 / Allies) hasa12345: yellow
(24:57 / Allies) hasa12345: wth are you doing
(25:04 / Allies) frodo-teabaggin: dunno man
(25:06 / Allies) frodo-teabaggin: weed lol
(25:10 / Allies) frodo-teabaggin: í blame the weed
(26:12 / All) mishima[FIF]: lawl
(26:41 / All) mishima[FIF]: there's a ward in my basE?
(26:48 / All) frodo-teabaggin: oh lawl apparently
(28:02 / All) mishima[FIF]: pink had fiends
(28:46 / All) frodo-teabaggin: Tc such a bitch to chase with endurance aura
(29:32 / All) mishima[FIF]: hehe
(29:56 / Allies) frodo-teabaggin: You lose
(29:58 / Allies) frodo-teabaggin: Leave and you get a tie
(30:01 / Allies) frodo-teabaggin: Stay and you get a loss
(30:14 / Allies) MiniZ: nope i want to see
(30:20 / Allies) frodo-teabaggin: it's not very exciting
(30:24 / Allies) MiniZ: nope
(30:32 / Allies) MiniZ: i record the screen and everything
(30:36 / Allies) MiniZ: u will see
(30:39 / Allies) frodo-teabaggin: you record the screen?
(30:40 / Allies) frodo-teabaggin: what for?
(30:44 / Allies) MiniZ: haha
(30:52 / Allies) MiniZ: u will see
(30:53 / All) mishima[FIF]: I made a series of stupid mistakes first time I tried to hall orange
(30:59 / Allies) frodo-teabaggin: tell me what that means
(31:01 / All) mishima[FIF]: I combusted too soon, and din't use my pot
(31:04 / Allies) frodo-teabaggin: what are you recording for
(31:05 / Allies) MiniZ: u think this is fun right =)
(31:08 / Allies) frodo-teabaggin: are you a youtuber, maybe a streamer
(31:12 / Allies) frodo-teabaggin: yeah I'm having lots of fun
(31:12 / Allies) MiniZ: u will see
(31:15 / Allies) frodo-teabaggin: tell me
(31:16 / All) mishima[FIF]: and din't even tp out
(31:36 / All) mishima[FIF]: u gonna report this game green?
(31:44 / All) frodo-teabaggin: Green says "u will see" and refuses to explain
(31:47 / All) mishima[FIF]: lol
(31:59 / All) mishima[FIF]: we're going on the naughty list, no visit from santa for us this year
(32:48 / All) mishima[FIF]: why did my team even leave
(32:49 / All) mishima[FIF]: lawl
(32:51 / Allies) frodo-teabaggin: what am I going to see green?
(32:57 / All) frodo-teabaggin: everyone left for some reason
(33:02 / All) frodo-teabaggin: except chimbot red who left everything in an instant
(33:13 / Allies) frodo-teabaggin: green what am I going to see??
(33:17 / Allies) frodo-teabaggin: I don't see anything
(33:32 / Allies) frodo-teabaggin: GREEN HELP
(33:35 / Allies) frodo-teabaggin: I DOnt see anything!!!
(34:00 / Allies) frodo-teabaggin: GREEN
(34:02 / All) frodo-teabaggin: GREEN
(34:04 / Allies) frodo-teabaggin: GREEN HELP
(34:08 / Allies) frodo-teabaggin: I DON'T SEE ANYTHING
(34:09 / Allies) frodo-teabaggin: GREEN HELP
(34:10 / Allies) frodo-teabaggin: HELP
(34:13 / Allies) frodo-teabaggin: HELP ME GREEN
(34:14 / All) frodo-teabaggin: HELP
(34:21 / Allies) frodo-teabaggin: I WANT TO SEE WHAT YOU DO GREEN
(34:55 / Allies) frodo-teabaggin: green are you there
(35:10 / Allies) frodo-teabaggin: 'how does it feel to be 552-583?
(35:41 / Allies) frodo-teabaggin: green what do you see
(35:48 / Allies) frodo-teabaggin: what am I supposed to see
(35:50 / Allies) frodo-teabaggin: what am I going to see
(36:32 / All) frodo-teabaggin: Green anything to say before you lose?
(36:37 / All) frodo-teabaggin: wanna tell me what I was going to see?
(36:45 / All) frodo-teabaggin: 5
(36:47 / All) frodo-teabaggin: 4
(36:49 / All) frodo-teabaggin: 3
(36:50 / All) frodo-teabaggin: 2
(36:51 / All) frodo-teabaggin: 1